 Dungeon Crawl Stone Soup version 0.29-a0-620-g13ace881f2 (webtiles) character file.

Game seed: 14487937954375712484

2893 CollectiveS the Geomancer (level 10, -11/63 HPs)
             Began as a Formicid Earth Elementalist on June 18, 2022.
             Was a Follower of Vehumet.
             Mangled by an orc warrior
             ... wielding a +0 long sword
              (12 damage)
             ... on level 7 of the Dungeon.
             The game lasted 00:35:35 (8472 turns).

CollectiveS the Geomancer (FoEE)                    Turns: 8472, Time: 00:35:36

Health: -11/63     AC:  5    Str: 14    XL:     10   Next: 5%
Magic:  17/22      EV: 12    Int: 18    God:    Vehumet [*.....]
Gold:   484        SH:  0    Dex: 14    Spells: 16/26 levels left

rFire   . . .      SeeInvis +   p - +3 flail (vorpal)
rCold   . . .      Faith    .   e - orb {light}
rNeg    . . .      Spirit   .   a - +0 robe
rPois   .          Reflect  .   (helmet unavailable)
rElec   .          Harm     .   r - +1 cloak
rCorr   .          Rampage  .   d - +0 pair of gloves
Will    +....                   (no boots)
Stlth   +.........              (no amulet)
HPRegen 0.20/turn               (no ring)
MPRegen 0.18/turn               (no ring)

@: glowing
A: permanent stasis, dig shafts and tunnels, antennae 3, four strong arms
a: Dig, Shaft Self, Renounce Religion


You were on level 7 of the Dungeon.
You worshipped Vehumet.
Vehumet was aware of your devotion.
You visited 2 branches of the dungeon, and saw 8 of its levels.

You collected 484 gold pieces.

Inventory:

Hand Weapons
 p - a +3 vorpal flail (weapon)
Missiles
 g - 13 poisoned darts (quivered)
Armour
 a - a +0 robe (worn)
 d - a +0 pair of gloves (worn)
 e - an orb of light (worn)
 r - a +1 cloak (worn)
Jewellery
 w - a ring of positive energy
Wands
 f - a wand of iceblast (8)
 t - a wand of paralysis (5)
 v - a wand of digging (3)
 y - a wand of quicksilver (5)
Scrolls
 c - 2 scrolls of fear {unknown}
 h - 7 scrolls of identify
 j - a scroll of acquirement {unknown}
 l - a scroll of fog {unknown}
 m - a scroll of vulnerability {unknown}
 q - a scroll of poison {unknown}
 s - a scroll of enchant armour {unknown}
Potions
 b - a potion of magic
 i - 2 potions of invisibility
 k - 3 potions of flight {unknown}
 n - a potion of attraction {unknown}
 o - a potion of might {unknown}
 u - 2 potions of brilliance {unknown}
 x - a potion of lignification {unknown}
 z - a potion of curing
 A - a potion of berserk rage {unknown}


   Skills:
 - Level 0.1 Maces & Flails
 - Level 0.3 Throwing
 - Level 1.7 Dodging
 - Level 2.4 Stealth
 + Level 8.7 Spellcasting
 * Level 4.4 Conjurations
 - Level 1.1 Transmutations
 * Level 3.4 Ice Magic
 + Level 10.1 Earth Magic


You had 16 spell levels left.
You knew the following spells:

 Your Spells              Type           Power      Damage    Failure   Level
a - Sandblast             Erth           88%        2d18      1%          1
b - Stone Arrow           Conj/Erth      68%        3d11      1%          3
c - Passwall              Tmut/Erth      23%        N/A       1%          2
d - Hailstorm             Conj/Ice       22%        3d7       19%         4

Your spell library contained the following spells:

 Spells                   Type           Power      Damage    Failure   Level
 Foxfire                  Conj/Fire      60%        2x1d7     3%          1
 Magic Dart               Conj           92%        1d7       1%          1
 Freeze                   Ice            80%        1d9       2%          1
 Ensorcelled Hibernation  Hex/Ice        28%        N/A       7%          2
 Frozen Ramparts          Ice            40%        1d6       7%          3
 Petrify                  Tmut/Erth      28%        N/A       9%          4
 Call Imp                 Summ           7%         N/A       14%         2
 Mephitic Cloud           Conj/Pois/Air  13%        N/A       14%         3
 Inner Flame              Hex/Fire       7%         N/A       26%         3
 Cause Fear               Hex            3%         N/A       65%         4
 Summon Forest            Summ/Tloc      3%         N/A       94%         5
 Eringya's Noxious Bog    Tmut/Pois      4%         N/A       100%        6
 Summon Hydra             Summ           3%         N/A       100%        7
 Discord                  Hex            3%         N/A       100%        8
 Swiftness                Air            Unusable   N/A       N/A         3

Dungeon Overview and Level Annotations

Branches:
Dungeon (7/15)             Temple (1/1) D:4

Altars:
Ashenzari
Cheibriados
Dithmenos
Elyvilon
Hepliaklqana
Kikubaaqudgha
Makhleb
Okawaru
Qazlal
Ru
Sif Muna
Trog
Uskayaw
Vehumet
Wu Jian
Xom
Yredelemnul
Zin
The Shining One

Annotations:
D:6 1 runed translucent door, Maggie; gabibbone's ghost, novice MfGl


Innate Abilities, Weirdness & Mutations

You cannot be hasted, slowed, berserked, paralysed or teleported.
You can dig through walls and to a lower floor.
You have a pair of large antennae on your head. (SInv)
Your four strong arms can wield two-handed weapons with a shield.


Message History

The orc wizard is heavily wounded.
Casting: Hailstorm (dangerous; 19% risk of failure)
Confirm with . or Enter, or press ? or * to list all spells.
Casting: Hailstorm (dangerous; 19% risk of failure)
Press: ? - help, Dir - look around, f - activate
Okay, then.
Casting: Hailstorm (dangerous; 19% risk of failure)
Confirm with . or Enter, or press ? or * to list all spells.
Aiming: Sandblast (safe; 1% risk of failure)
Press: ? - help, Shift-Dir - straight line, f - orc warrior
Aim: an orc warrior, wielding a +0 long sword and wearing a +0 chain mail (heavily wounded, haloed, 85% to hit)
The blast of sand hits the orc warrior.
The orc warrior is heavily wounded.
The orc warrior hits you with a +0 long sword!
The orc warrior hits you with a +0 long sword!!
The orc wizard gestures wildly while chanting.
The orc wizard flickers and vanishes for a moment.
Casting: Sandblast (safe; 1% risk of failure)
Confirm with . or Enter, or press ? or * to list all spells.
Okay, then.
The orc warrior attacks as you move away!
The orc warrior hits you with a +0 long sword!
The orc warrior attacks as you move away!
The orc warrior hits you with a +0 long sword!
* * * LOW HITPOINT WARNING * * *
Okay, then.
Unknown command.
Unknown command.
Unknown command.
Casting: Sandblast (safe; 1% risk of failure)
Confirm with . or Enter, or press ? or * to list all spells.
Aiming: Passwall (safe; 1% risk of failure)
Press: ? - help, Dir - move target, p - orc warrior A rock wall.
This square is lit by a halo.
The orc warrior hits you with a +0 long sword!
* * * LOW HITPOINT WARNING * * *
You begin to meditate on the wall.
You continue meditating on the rock. x2
The orc warrior hits you with a +0 long sword!
You die...

..... { ...
#########)# #
#...o...{.# #
#.##################
# #.####### #.......#
# #..o..{o# #.#####.#
# #######.# #.#
#.#### #.@o# #.#
#..... ##.######.##
######
#..........######
##..........#....#
#...........#.##.#
#...........#....####
#..............#.....
#...........##.#.....
#...........##.......


You could see an orc warrior and an orc wizard (invisible).

Vanquished Creatures
  Sigmund (D:2)
  3 yaks (D:7)
  3 water moccasins
  3 sky beasts (D:7)
  3 ogres (D:5)
  3 bullfrogs
  6 scorpions
  2 necrophages
  A wight (D:7)
  4 hounds
  3 jellies
  A gnoll shaman (D:6)
  2 orc priests (D:5)
  2 iguanas
  Ijyb (D:3)
  6 orc wizards
  Robin (D:4)
  5 gnolls (D:6)
  2 adders
  A white imp (D:5)
  3 worms
  20 orcs
  2 bats
  4 endoplasms
  3 giant cockroaches
  18 goblins
  14 hobgoblins
  3 jackals (D:1)
  4 quokkas
  4 ball pythons
  5 frilled lizards
  8 kobolds
  6 rats
147 creatures vanquished.

Vanquished Creatures (others)
  2 withered plants (D:6)
2 creatures vanquished.

Grand Total: 149 creatures vanquished

Notes
Turn   | Place    | Note
-------+----------+-------------------------------------------
     0 | D:1      | CollectiveS the Formicid Earth Elementalist began the quest
                  | for the Orb.
     0 | D:1      | Reached XP level 1. HP: 13/13 MP: 3/3
    92 | D:1      | Reached skill level 4 in Earth Magic
   139 | D:1      | Reached XP level 2. HP: 18/19 MP: 0/5
   394 | D:1      | Reached XP level 3. HP: 24/24 MP: 3/6
   940 | D:2      | Reached skill level 5 in Earth Magic
  1110 | D:2      | Reached XP level 4. HP: 30/30 MP: 6/8
  1365 | D:2      | Noticed Sigmund
  1368 | D:2      | Killed Sigmund
  1369 | D:2      | Reached skill level 6 in Earth Magic
  1369 | D:2      | Reached XP level 5. HP: 35/35 MP: 5/11
  1369 | D:2      | Reached XP level 6. HP: 41/41 MP: 5/12
  1608 | D:2      | Learned a level 3 spell: Stone Arrow
  2040 | D:3      | Noticed Ijyb
  2066 | D:3      | HP: 2/41 [Ijyb/puff of flame (9)]
  2327 | D:3      | Identified the +1 ring mail "Jeecot" {rN+}
  2762 | D:3      | Killed Ijyb
  3180 | D:4      | Reached skill level 1 in Conjurations
  3377 | D:4      | Noticed Robin
  3395 | D:4      | Reached XP level 7. HP: 46/46 MP: 12/14
  3397 | D:4      | Killed Robin
  3506 | D:4      | Reached skill level 5 in Spellcasting
  3912 | D:4      | Found a staircase to the Ecumenical Temple.
  4020 | Temple   | Entered the Ecumenical Temple
  4149 | Temple   | Became a worshipper of Vehumet
  4197 | D:5      | Entered Level 5 of the Dungeon
  4260 | D:5      | Reached skill level 7 in Earth Magic
  4340 | D:5      | Reached XP level 8. HP: 26/52 MP: 9/16
  4579 | D:4      | HP: 1/52 [scorpion (2)]
  5105 | D:5      | Reached skill level 8 in Earth Magic
  5418 | D:5      | Learned a level 2 spell: Passwall
  5423 | D:5      | Learned a level 4 spell: Hailstorm
  5653 | D:6      | Found a runed translucent door.
  5654 | D:6      | Noticed gabibbone's ghost (novice MfGl)
  5748 | D:6      | Reached skill level 1 in Ice Magic
  6050 | D:6      | Reached * piety under Vehumet
  6050 | D:6      | Offered knowledge of Foxfire by Vehumet.
  6286 | D:6      | Reached XP level 9. HP: 43/57 MP: 16/19
  6404 | D:6      | Noticed Maggie
  6618 | D:6      | Reached skill level 9 in Earth Magic
  6908 | D:6      | Found a burning altar of Makhleb.
  8138 | D:7      | Reached skill level 10 in Earth Magic
  8148 | D:7      | Reached XP level 10. HP: 42/63 MP: 20/22
  8470 | D:7      | HP: 1/63 [orc warrior/+0 long sword (11)]
  8472 | D:7      | Mangled by an orc warrior

Illustrated notes

Levels and vault maps discovered:
D:1:      co_arrival_square_in_a_square_in_a_square, layout_loops_ring
D:2:      layout_loops_ring, minmay_misc_feat_more_columns,
          kennysheep_generic_room_13, uniq_sigmund
D:3:      layout_basic, minmay_quadrilaterals, uniq_ijyb
D:4:      layout_basic, minmay_temple_entry_junction_2, uniq_robin
D:5:      layout_layer_cave
D:6:      layout_loops_corners, makhleb_heckhound_becter, gammafunk_ghost_grave,
          kennysheep_generic_room_9, uniq_maggie
D:7:      layout_basic, minmay_puff
Temple:   mainiacjoe_temple_coin_purse

Skill      XL: |  1  2  3  4  5  6  7  8  9 |
---------------+----------------------------+-----
Earth Magic    | 4 5 6 7 8 10 | 10.1
Spellcasting   | 4 5 7 8 |  8.7
Conjurations   | 1 2 3 4 |  4.4
Ice Magic      | 1 3 |  3.4
Maces & Flails | |  0.1
Throwing       | |  0.3
Dodging        | |  1.7
Stealth        | |  2.4
Transmutations | |  1.1

Action                   |  1- 3 |  4- 6 |  7- 9 | 10-12 || total
-------------------------+-------+-------+-------+-------++-------
Melee: Flail             |       |    24 |    29 |       ||    53
Throw: Dart              |       |     3 |       |       ||     3
 Cast: Sandblast         |    41 |    55 |   132 |     6 ||   234
       Stone Arrow       |       |     3 |       |       ||     3
       Passwall          |       |       |     3 |     1 ||     4
       Hailstorm         |       |       |       |     1 ||     1
 Abil: Dig               |       |     1 |     1 |       ||     2
  Use: Potion            |       |     5 |     1 |       ||     6
       Scroll            |       |     3 |       |       ||     3
 Stab: Sleeping          |       |     1 |       |       ||     1
Armor: Robe              |     1 |    14 |    27 |     4 ||    46
Dodge: Dodged            |     7 |    43 |    80 |       ||   130

Table legend: (Time is in decaauts)
 A = Elapsed time spent in this place.
 B = Non-inter-level travel time spent in this place.
 C = Inter-level travel time spent in this place.
 D = Time resting spent in this place.
 E = Time spent auto-exploring this place.
 F = Levels seen in this place.
 G = Mean time per level.
                   A        B        C        D        E       F      G
               +--------+--------+--------+--------+--------+-----+--------+
         Total |   8728 |   8246 |    482 |    747 |   5263 |   8 | 1091.0 |
       Dungeon |   8586 |   8104 |    482 |    747 |   5183 |   7 | 1226.6 |
        Temple |    141 |    141 |      0 |      0 |     80 |   1 |  141.0 |
               +--------+--------+--------+--------+--------+-----+--------+

Top non-repeatable levels by time:
     D:6: 1829 daAuts
     D:3: 1528 daAuts
     D:4: 1255 daAuts
     D:7: 1139 daAuts
     D:5: 1138 daAuts
     D:1: 874 daAuts
     D:2: 820 daAuts
  Temple: 141 daAuts
